 Dungeon Crawl Stone Soup version 0.28.0-1-gb440e238dd (webtiles) character file.

Game seed: 3398387598079361081

81 Fractals the Sneak (level 4, 0/29 HPs)
             Began as a Kobold Brigand on Feb 21, 2022.
             Was an Initiate of Sif Muna.
             Killed from afar by Natasha (1 damage)
             ... with a magic dart
             ... on level 3 of the Dungeon.
             The game lasted 00:05:00 (2231 turns).

Fractals the Sneak (Kobold Brigand)                 Turns: 2231, Time: 00:05:01

Health: 0/29       AC:  4    Str:  8    XL:     4   Next: 67%
Magic:  5/5        EV: 15    Int: 12    God:    Sif Muna [......]
Gold:   85         SH:  0    Dex: 18    Spells: 1/4 levels left

rFire   . . .      SeeInvis .   a - +2 dagger
rCold   . . .      Faith    .   (no shield)
rNeg    . . .      Spirit   .   g - +0 leather armour
rPois   .          Reflect  .   (no helmet)
rElec   .          Harm     .   c - +0 cloak
rCorr   .          Rampage  .   (no gloves)
Will    +....                   (no boots)
Stlth   ++++......              (no amulet)
HPRegen 0.09/turn               o - ring of willpower
MPRegen 0.09/turn               (no ring)

@: no status effects
A: small, no large weapons, nightstalker 3
a: Renounce Religion


You were on level 3 of the Dungeon.
You worshipped Sif Muna.
Sif Muna was noncommittal.
You visited 1 branch of the dungeon, and saw 3 of its levels.

You collected 85 gold pieces.

Inventory:

Hand Weapons
 a - a +2 dagger (weapon)
Missiles
 d - 11 poisoned darts (quivered)
 e - 2 curare-tipped darts
 h - 44 stones
Armour
 c - a +0 cloak (worn)
 g - a +0 leather armour (worn)
Jewellery
 o - a ring of willpower (left hand)
Scrolls
 n - a scroll of vulnerability {unknown}
 q - a scroll of amnesia {unknown}
Potions
 b - 3 potions of heal wounds
 j - a potion of attraction {unknown}
 l - a potion of flight {unknown}
 m - a potion of might {unknown}
 p - a potion of resistance {unknown}


   Skills:
 + Level 3.9 Fighting
 - Level 3.0 Short Blades
 - Level 2.1 Throwing
 - Level 3.0 Dodging
 - Level 5.3 Stealth
 + Level 0.7 Spellcasting


You had one spell level left.
You knew the following spells:

 Your Spells              Type           Power      Damage    Failure   Level
a - Vampiric Draining     Necr           0%         2d6       80%         3

Your spell library contained the following spells:

 Spells                   Type           Power      Damage    Failure   Level
 Slow                     Hex            0%         N/A       41%         1
 Sting                    Tmut/Pois      0%         1d3       41%         1
 Confusing Touch          Hex            0%         N/A       80%         3
 Iskenderun's Battlesphe  Conj           0%         2d6       100%        5
 Iron Shot                Conj/Erth      0%         9d1       100%        6
 Spellforged Servitor     Conj/Summ      0%         N/A       100%        7


Dungeon Overview and Level Annotations

Branches:
Dungeon (3/15)

Altars:
Sif Muna
Trog

Shops:
D:3 :

Annotations:
D:3 Natasha


Innate Abilities, Weirdness & Mutations

You are small and have problems with some larger weapons.
You are completely attuned to the shadows.


Message History

Natasha casts a spell at you. The magic dart hits you!
You hit Natasha.
Natasha is lightly wounded.
Natasha barely misses you.
You miss Natasha.
Natasha is lightly wounded.
Natasha misses you.
You hit Natasha but do no damage.
Natasha is lightly wounded.
You hit Natasha.
Natasha is moderately wounded.
Natasha casts a spell at you. The magic dart hits you!
* * * LOW HITPOINT WARNING * * *
You hit Natasha.
Natasha is severely wounded.
Natasha misses you.
You hit Natasha but do no damage.
Natasha is severely wounded.
Natasha claws you but does no damage.
You hit Natasha.
Natasha is severely wounded.
Natasha howls an incantation.
You feel troubled. Natasha misses you.
You hit Natasha but do no damage.
Natasha is severely wounded.
Natasha misses you.
You hit Natasha but do no damage.
Natasha is severely wounded.
Natasha claws you.
* * * LOW HITPOINT WARNING * * *
You miss Natasha.
Natasha is severely wounded.
You closely miss Natasha.
Natasha is severely wounded.
Natasha casts a spell at you. The magic dart hits you.
You die...

..............# #.∩...#
..............# #⌠.⌠..#
..............#####...#
.(....................#
........§....##.......####
#..[..#.....###..........#
#########..###.......#..#
##..######......#
##.gbh@####....#
#####..##.....# ########
##..#.....# ?......#
######...# .......#
##..#...#+#. .......#
##.._###..... .......#
##....##...... .......#
##...###.......
.......####
##...###......#.


You could see Natasha, a hobgoblin and a bat.

Vanquished Creatures
  A gnoll (D:3)
  An adder (D:2)
  A white imp (D:3)
  2 worms
  A dart slug (D:1)
  An endoplasm (D:1)
  2 giant cockroaches
  7 goblins
  5 hobgoblins
  2 jackals (D:1)
  3 kobolds
  3 quokkas
  3 ball pythons
  4 bats
  6 frilled lizards
  7 rats
49 creatures vanquished.

Notes
Turn   | Place    | Note
-------+----------+-------------------------------------------
     0 | D:1      | Fractals the Kobold Brigand began the quest for the Orb.
     0 | D:1      | Reached XP level 1. HP: 12/12 MP: 1/1
   136 | D:1      | Reached XP level 2. HP: 18/18 MP: 2/2
   399 | D:1      | Reached XP level 3. HP: 23/23 MP: 3/3
   603 | D:1      | You fall into a shaft and drop 1 floor!
   870 | D:1      | Found a faded altar of an unknown god.
  1220 | D:1      | Reached XP level 4. HP: 28/28 MP: 4/4
  1793 | D:2      | Learned a level 3 spell: Vampiric Draining
  2005 | D:3      | Found a shimmering blue altar of Sif Muna.
  2018 | D:3      | Got Sif Muna's Incunabulum of Transformation
  2021 | D:3      | Became a worshipper of Sif Muna the Loreminder
  2120 | D:3      | Found a bloodstained altar of Trog.
  2145 | D:3      | Found Goxir's Book Emporium.
  2196 | D:3      | Noticed Natasha
  2229 | D:3      | HP: 1/29 [Natasha (3)]
  2231 | D:3      | Killed from afar by Natasha

Illustrated notes

Levels and vault maps discovered:
D:1:      psy_arrival_dodecagon, layout_loops_cross,
          dreamdust_ecumenical_altar_hidden_monk_grotto,
          chequers_serial_rivers_small_b, roderic_serpentine_path
D:2:      layout_loops_cross
D:3:      layout_rooms, nzn_overflow_gifts_of_might_and_magic,
          nicolae_qazlal_eye_of_the_storm, elyvilon_altar_4, serial_shops, shop,
          nicolae_shop_hallway_stairs, shop_fountains, serial_bayou_lagoon_a,
          minivault_25, uniq_natasha

Skill      XL: |  1  2  3  4 |
---------------+-------------+-----
Dodging        | 2 3 |  3.0
Fighting       | 3 |  3.9
Short Blades   | 3 |  3.0
Throwing       | |  2.1
Stealth        | |  5.3
Spellcasting   | |  0.7

Action                   |  1- 3 |  4- 6 || total
-------------------------+-------+-------++-------
Melee: Dagger            |    83 |    48 ||   131
       Punch             |       |     1 ||     1
Throw: Dart              |     1 |       ||     1
  Use: Scroll            |       |     3 ||     3
 Stab: Sleeping          |    13 |     8 ||    21
Armor: Robe              |     8 |       ||     8
       Leather armour    |    10 |     7 ||    17
Dodge: Dodged            |    44 |    34 ||    78
